 Dungeon Crawl Stone Soup version 0.20-a0-830-g2c9a30d (webtiles) character file.

603 Aksej the Cutter (level 7, 0/52 HPs)
             Began as a Spriggan Gladiator on Mar 7, 2017.
             Was an Initiate of Wu Jian.
             Slain by Duvessa
             ... wielding a +0 short sword
              (1 damage)
             ... on level 5 of the Dungeon.
             The game lasted 00:09:15 (4789 turns).

Aksej the Cutter (Spriggan Gladiator)               Turns: 4789, Time: 00:09:15

Health: 0/52       AC: 23    Str: 10    XL:     7   Next: 18%
Magic:  8/8        EV:  4    Int: 10    God:    Wu Jian [......]
Gold:   250        SH:  0    Dex: 25    Spells: 6/6 levels left

rFire    . . .     SeeInvis +   a - +1 rapier
rCold    . . .     Gourm    .   (armour currently unavailable)
rNeg     + + +     Faith    .   (shield restricted)
rPois    +         Spirit   .   (helmet currently unavailable)
rElec    .         Reflect  .   (cloak currently unavailable)
rCorr    +         Harm     .   (gloves unavailable)
MR       +....     NoTele   +   (boots unavailable)
Stlth    +++.......             (no amulet)
Regen    0.2/turn               o - +6 ring of dexterity
MPRegen  0.2/turn               l - ring of resist corrosion

@: tree-form
A: unfitting armour, (claws 0), see invisible, herbivore 3, (speed 0), (shaggy
fur 0), slow metabolism 2
a: Renounce Religion


You were on level 5 of the Dungeon.
You worshipped Wu Jian.
Wu Jian was noncommittal.
You were hungry.
You were a tree.
You visited 2 branches of the dungeon, and saw 6 of its levels.

You collected 250 gold pieces.

Inventory:

Hand Weapons
 a - a +1 rapier (weapon)
Missiles
 d - 4 throwing nets (quivered)
 h - 7 tomahawks
Armour
 b - a +0 robe (melded)
 c - a +2 hat (melded)
 r - a +1 cloak (melded)
Jewellery
 g - an uncursed ring of positive energy
 i - an uncursed ring of protection from cold
 l - a ring of resist corrosion (left branch)
 o - a +6 ring of dexterity (right branch)
 q - an uncursed ring of see invisible {unknown}
Wands
 s - a wand of flame (21/48)
 t - a wand of lightning (7/15)
Scrolls
 j - 4 scrolls of identify
 u - a scroll of remove curse
Potions
 e - 2 potions of lignification
 k - a potion of flight
 m - a potion of brilliance
Comestibles
 f - 6 bread rations
 n - 4 royal jellies
 p - 8 fruits


   Skills:
 + Level 2.7 Fighting
 * Level 7.6 Short Blades
 + Level 2.0 Throwing
 + Level 5.5 Dodging
 + Level 3.7 Stealth


You had 6 spell levels left.
You didn't know any spells.

Dungeon Overview and Level Annotations

Branches:
Dungeon (5/15)             Temple (1/1) D:5

Altars:
Gozag
Hepliaklqana
Kikubaaqudgha
Makhleb
Nemelex Xobeh
Okawaru
Qazlal
Ru
Trog
Uskayaw
Vehumet
Wu Jian
Xom

Annotations:
D:4 Narsil's ghost, amateur DsFi
D:5 Duvessa


Innate Abilities, Weirdness & Mutations

You are very small and have problems with some larger weapons.
You are too small for most types of armour.
You have supernaturally acute eyesight. (SInv)
You are a herbivore.
((You cover ground extremely quickly.))
You need consume almost no food.
((You have sharp fingernails.))
((You are covered in fur. (AC +1)))


Message History

Duvessa is lightly wounded.
Duvessa hits you with a short sword!
You hit Duvessa.
Duvessa is moderately wounded.
Duvessa misses you.
Okay, then.
You hit Duvessa.
Duvessa is moderately wounded.
Duvessa hits you with a short sword! Duvessa misses you.
You hit Duvessa but do no damage.
Duvessa is moderately wounded.
Duvessa hits you with a short sword!
* * * LOW HITPOINT WARNING * * *
You turn into a tree.
Your +1 cloak melds into your body.
Your +2 hat melds into your body.
Your +0 robe melds into your body.
Your roots penetrate the ground.
Duvessa hits you but does no damage.
You barely miss Duvessa.
Duvessa is moderately wounded.
Duvessa hits you with a short sword.
You die...

..#.* #...# *,,,,,,***,,,,,,,,
..#.####...######....,,**,,,,,,,,
................#...#*,,,***,****
...........####.....,,,,,,,,,,,,,
...###.#...# **#..#********,,,,,
.....#.#...# ####..#####*,,,,,,,,
..##...#...###.....#....,,#,.****
..#*##.........)e<...#**##..#*
..# #.<#........♣....###....#
..###.#....#.........#...#.#* **
...........#...............####*,
.....................##........,,
.............#.......##)..>....*,
...............................*,
.............###...####........*,
......#.....####.#.####........*,
.....###...####..#.............*,


You could see Duvessa (berserk).

Vanquished Creatures
  A sky beast (D:5)
  A bullfrog (D:3)
  A scorpion (D:4)
  Dowan (D:5)
  A jelly (D:5)
  Jessica (D:3)
  Natasha (thrice) (D:3)
  Terence (D:3)
  An iguana (D:5)
  Robin (D:2)
  4 gnolls (D:5)
  4 adders (D:3)
  2 adder skeletons
  4 worms
  A dart slug (D:3)
  A leopard gecko (D:5)
  3 orcs (D:3)
  6 bats
  2 giant cockroaches
  17 goblins
  7 hobgoblins
  5 jackals
  A kobold (D:2)
  2 quokkas
  A ball python (D:3)
  A frilled lizard (D:1)
  10 rats
83 creatures vanquished.

Notes
Turn   | Place    | Note
-------+----------+-------------------------------------------
     0 | D:1      | Aksej the Spriggan Gladiator began the quest for the Orb.
     0 | D:1      | Reached XP level 1. HP: 10/10 MP: 2/2
   360 | D:1      | Reached XP level 2. HP: 14/15 MP: 3/3
   771 | D:2      | Found a hazy altar of Hepliaklqana.
   842 | D:2      | Reached skill level 4 in Short Blades
   885 | D:2      | Found an iron altar of Okawaru.
   891 | D:2      | Found a burning altar of Makhleb.
   891 | D:2      | Found a radiant altar of Vehumet.
   893 | D:2      | Found a shimmering altar of Xom.
   895 | D:2      | Found a hide-covered altar of Uskayaw.
  1354 | D:2      | Reached XP level 3. HP: 9/18 MP: 4/4
  1796 | D:3      | Noticed Robin
  1873 | D:2      | Reached skill level 1 in Stealth
  1986 | D:2      | Killed Robin
  2098 | D:3      | Reached XP level 4. HP: 19/23 MP: 5/5
  2309 | D:3      | Noticed Natasha
  2310 | D:3      | Reached skill level 5 in Short Blades
  2315 | D:3      | Killed Natasha
  2327 | D:3      | Noticed Natasha
  2337 | D:3      | Killed Natasha
  2337 | D:3      | Reached XP level 5. HP: 12/26 MP: 6/6
  2512 | D:3      | Noticed Natasha
  2521 | D:3      | Killed Natasha
  2629 | D:3      | Noticed Jessica
  2635 | D:3      | Killed Jessica
  2635 | D:3      | Reached skill level 5 in Dodging
  2659 | D:3      | Reached skill level 6 in Short Blades
  2659 | D:3      | Reached XP level 6. HP: 26/32 MP: 7/7
  2754 | D:3      | Noticed Terence
  2784 | D:3      | Killed Terence
  3075 | D:3      | Gained mutation: You have sharp fingernails. [potion of mutation]
  3075 | D:3      | Gained mutation: You are covered in fur. (AC +1) [potion of mutation]
  3662 | D:4      | Noticed Narsil's ghost (amateur DsFi)
  4165 | D:5      | Entered Level 5 of the Dungeon
  4180 | D:5      | Noticed Dowan
  4265 | D:5      | Noticed a sky beast
  4280 | D:5      | Killed a sky beast
  4280 | D:5      | Reached skill level 7 in Short Blades
  4453 | D:5      | Found a staircase to the Ecumenical Temple.
  4460 | Temple   | Entered the Ecumenical Temple
  4483 | Temple   | Became a worshipper of the Wu Jian Council
  4552 | D:5      | Reached XP level 7. HP: 14/35 MP: 8/8
  4776 | D:5      | Noticed Duvessa
  4782 | D:5      | Killed Dowan
  4787 | D:5      | HP: 1/35 [Duvessa/short sword (13)]
  4789 | D:5      | Slain by Duvessa

Vault maps used:
D:1:      enne_arrival_octagon_isle, dk_noncrumbling_4
D:2:      nicolae_overflow_crystal_walls, minitemple, first_bread,
          nicolae_underground_beach
D:3:      kennysheep_generic_room_8, uniq_terence, uniq_jessica, uniq_natasha,
          uniq_robin
D:4:      serial_curves, eino_curves_01, eino_curves_02
D:5:      lemuel_ratsnest, minmay_temple_entry_statues_pillars, minivault_25,
          wad_floor_pattern_2, uniq_duvessa
Temple:   regret_index_temple_waves

Skill      XL: |  1  2  3  4  5  6 |
---------------+-------------------+-----
Short Blades   | 4 5 6 7 |  7.6
Fighting       | 2 |  2.7
Stealth        | 1 2 3 |  3.7
Dodging        | 5 |  5.5
Throwing       | |  2.0

Action                   |  1- 3 |  4- 6 |  7- 9 || total
-------------------------+-------+-------+-------++-------
Melee: Rapier            |   127 |   158 |    10 ||   295
  Use: Scroll            |     9 |     9 |       ||    18
       Potion            |     5 |     2 |     1 ||     8
 Stab: Sleeping          |     2 |     8 |     1 ||    11
       Invisible         |       |     1 |     2 ||     3
  Eat: Fruit             |       |     1 |       ||     1
Armor: Robe              |     4 |    17 |       ||    21
       Skin              |       |       |     1 ||     1
Dodge: Dodged            |   117 |   138 |     5 ||   260
